AoeStats
← Bandolero

Black Forest

510111490Analyzed
4v4 RM · 1d ago on Sep 29, 2026· 44m 18s· 8 players
Game mode
Random Map
Map size
Large (8 player)
Population
200
Speed
Normal
Resources
Standard
Victory
Conquest
Starting age
Dark Age
Ending age
Imperial Age
RankedLock teamsTeams togetherTeam positionsShared explorationLock speedFull tech treeHidden civsTurbo modeCheats
Victory
Defeat
🇦🇷 Mongols · Argentina
1868
+6
🇺🇾 Lithuanians · Uruguay
1805
+8
🇦🇷 Teutons · Argentina
1706
+11
🇦🇷 Persians · Argentina
1621
+14
🇨🇱 Persians · Chile
1743
-15
1614
-10
🇪🇸 Bohemians · Spain
1576
-9
🇪🇸 Shu · Spain
1454
-5
DS_Alec
0:50 Loom
11:12 Feudal Age
11:44 Double-Bit Axe
17:13 Fletching
26:00 Castle Age
25:46 Horse Collar
32:35 Scale Barding Armor
35:19 Chain Barding Armor
38:47 Heavy Plow
38:58 Bow Saw
42:22 Imperial Age
40:31 Wheelbarrow
40:14 Forging
42:35 Gold Mining
43:30 Conscription
43:47 Plate Barding Armor
44:36 Hoardings
44:56 Crop Rotation
44:14 Town Watch
44:22 Stone Mining
44:08 Elite Leitis
~BroKen~
2:12 Loom
10:07 Feudal Age
11:52 Fletching
20:22 Double-Bit Axe
20:22 Horse Collar
26:47 Castle Age
26:02 Wheelbarrow
25:55 Gold Mining
28:01 Bow Saw
30:15 Heavy Plow
36:01 Hand Cart
40:06 Imperial Age
37:38 Scale Mail Armor
37:48 Forging
37:32 Pikeman
38:12 Squires
37:58 Gambesons
37:58 Arson
38:56 Town Watch
39:27 Chain Mail Armor
39:48 Iron Casting
39:00 Man-at-Arms
40:08 Halberdier
41:19 Plate Mail Armor
42:46 Blast Furnace
Bandolero
2:59 Loom
3:20 Loom
4:56 Loom
9:39 Feudal Age
10:24 Double-Bit Axe
14:46 Forging
17:26 Scale Barding Armor
22:41 Castle Age
21:18 Gold Mining
21:42 Bloodlines
22:20 Horse Collar
23:14 Stone Mining
23:57 Chain Barding Armor
24:15 Iron Casting
23:53 Husbandry
24:33 Bow Saw
25:27 Wheelbarrow
25:20 Heavy Plow
33:50 Imperial Age
32:12 Stone Shaft Mining
32:07 Husbandry
33:18 Chain Barding Armor
33:33 Iron Casting
34:18 Hand Cart
33:53 Town Watch
34:55 Plate Barding Armor
34:06 Elite War Elephant
35:07 Conscription
38:15 Blast Furnace
37:42 Caravan
39:33 Gold Shaft Mining
42:59 Chemistry
Lea
8:58 Feudal Age
10:32 Double-Bit Axe
10:28 Horse Collar
15:27 Forging
15:22 Scale Barding Armor
19:07 Wheelbarrow
22:01 Castle Age
23:17 Hand Cart
23:15 Bow Saw
23:13 Husbandry
24:47 Heavy Plow
28:37 Gold Mining
31:13 Stone Mining
32:48 Stone Shaft Mining
32:49 Gold Shaft Mining
35:43 Imperial Age
33:18 Fletching
33:49 Ballistics
34:58 Bodkin Arrow
35:15 Bloodlines
36:12 Thumb Ring
36:32 Bracer
37:33 Chemistry
36:59 Parthian Tactics
37:11 Padded Archer Armor
37:12 Loom
37:13 Town Watch
37:50 Conscription
37:14 Elite Mangudai
37:21 Capped Ram
38:40 Leather Archer Armor
39:00 Caravan
39:38 Drill
38:41 Siege Ram
40:02 Chain Barding Armor
40:18 Iron Casting
43:02 Town Patrol
CQ.SeMuR III el conquistador
11:58 Feudal Age
15:56 Castle Age
14:03 Loom
15:44 Scale Mail Armor
15:49 Double-Bit Axe
24:34 Bow Saw
33:54 Wheelbarrow
34:56 Horse Collar
39:46 Imperial Age
37:48 Heavy Plow
37:32 Pikeman
38:29 Forging
38:56 Hand Cart
40:09 Iron Casting
40:16 Chain Mail Armor
39:57 Halberdier
41:14 Conscription
42:59 Plate Mail Armor
45:11 Blast Furnace
DK_Exmerior
0:34 Loom
10:45 Feudal Age
17:06 Castle Age
19:27 Wheelbarrow
30:09 Horse Collar
34:51 Heavy Plow
35:03 Double-Bit Axe
39:41 Imperial Age
38:20 Bow Saw
38:50 Scale Mail Armor
39:00 Forging
39:57 Chain Mail Armor
41:12 Iron Casting
41:43 Chemistry
40:24 Pikeman
41:04 Squires
41:47 Conscription
41:09 Halberdier
42:21 Plate Mail Armor
42:57 Hand Cart
43:44 Blast Furnace
CQ.Manudq85
0:26 Loom
13:08 Feudal Age
17:06 Fletching
19:55 Padded Archer Armor
31:00 Castle Age
29:30 Double-Bit Axe
31:17 Crossbowman
36:17 Wheelbarrow
36:38 Bodkin Arrow
DK_Partyman96
5:05 Loom
11:43 Feudal Age
12:44 Double-Bit Axe
13:09 Horse Collar
17:03 Castle Age
15:13 Gold Mining
15:20 Horse Collar
17:10 Scale Barding Armor
17:49 Bloodlines
18:24 Town Watch
25:07 Bow Saw
26:18 Heavy Plow
27:19 Wheelbarrow
34:50 Imperial Age
33:09 Hand Cart
34:22 Gold Shaft Mining
34:29 Cavalier
35:09 Husbandry
35:31 Chain Barding Armor
35:54 Stone Mining
37:40 Plate Barding Armor
37:15 Forging
37:29 Caravan
38:44 Conscription
38:47 Elite War Elephant
40:10 Iron Casting
43:57 Crop Rotation
Connection lost

Rejoining the realm…

Still unreachable

The connection could not be restored.

Session expired

The server has moved on; the page needs a fresh start.